 Dungeon Crawl Stone Soup version 0.30-a0-304-gdc4b735fe1 (webtiles) character file.

Game seed: 129928711958468639

18260 NinjaNoafa the Cleaver (level 12, -4/121 HPs)
             Began as a Minotaur Fighter on Oct 19, 2022.
             Was the Champion of Uskayaw.
             Slain by a cane toad (15 damage)
             ... on level 1 of the Lair of Beasts on Oct 20, 2022.
             The game lasted 00:25:41 (12630 turns).

NinjaNoafa the Cleaver (Minotaur Fighter)          Turns: 12630, Time: 00:25:42

Health: -4/121     AC:  5    Str: 32    XL:     12   Next: 26%
Magic:  2/26       EV:  9    Int:  4    God:    Uskayaw [******]
Gold:   669        SH:  5    Dex: 13    Spells: 15/15 levels left

rFire   . . .      SeeInvis .    H - +1 demon whip (venom)
rCold   . . .      Faith    .    c - +0 buckler
rNeg    . . .      Spirit   .    O - +0 plate armour
rPois   .          Reflect  .    Q - +2 hat {Stlth+}
rElec   .          Harm     .    a - +0 cloak
rCorr   .          Rampage  .    y - +0 pair of gloves {infuse}
Will    .....      Clarity  +    (no boots)
Stlth   ..........               N - amulet of regeneration
HPRegen 1.20/turn                B - ring of magical power
MPRegen 0.20/turn                F - +6 ring of strength

@: corroded, studying Dodging
A: horns 2, retaliatory headbutt, agile 1, clarity, mutation resistance 1,
robust 1
a: Renounce Religion, Stomp, Line Pass, Grand Finale


You were on level 1 of the Lair of Beasts.
You worshipped Uskayaw.
Uskayaw was aware of your devotion.
You visited 3 branches of the dungeon, and saw 14 of its levels.
You also visited: Sewer.

You collected 830 gold pieces.
You spent 161 gold pieces at shops.

Inventory:

Hand Weapons
 o - the +7 hand axe "Jethui" {vamp, rF+}
   (You found it on level 3 of the Dungeon)

   It occasionally heals its wielder for a portion of the damage dealt when it
   wounds a living foe.
   rF:        It protects you from fire.
 H - a +1 demon whip of venom (weapon)
Missiles
 e - 156 stones
 l - 31 poisoned darts
 q - 2 throwing nets
 C - 2 curare-tipped darts
 L - 4 boomerangs (quivered)
Armour
 a - a +0 cloak (worn)
 c - a +0 buckler (worn)
 y - a +0 pair of gloves of infusion (worn)
 O - a +0 plate armour (worn)
 Q - a +2 hat of stealth (worn)
Jewellery
 h - a ring of see invisible
 B - a ring of magical power (left hand)
 F - a +6 ring of strength (right hand)
 N - an amulet of regeneration (around neck)
Wands
 b - a wand of acid (3)
 v - a wand of mindburst (17)
 w - a wand of paralysis (22)
 D - a wand of iceblast (6)
 E - a wand of digging (5)
 M - a wand of polymorph (7)
Scrolls
 f - 3 scrolls of immolation {unknown}
 g - 4 scrolls of amnesia {unknown}
 j - 4 scrolls of enchant weapon {unknown}
 k - 4 scrolls of fog {unknown}
 r - 5 scrolls of teleportation {unknown}
 z - 2 scrolls of fear
 A - a scroll of torment
 G - 5 scrolls of noise {unknown}
 I - 2 scrolls of vulnerability
 K - 2 scrolls of summoning
 S - a scroll of poison {unknown}
 T - a scroll of magic mapping {unknown}
Potions
 d - a potion of might
 i - 3 potions of curing
 m - a potion of flight
 n - 3 potions of attraction
 p - 3 potions of brilliance
 s - a potion of invisibility
 t - 3 potions of heal wounds
 u - a potion of magic
 x - 2 potions of degeneration
 J - a potion of haste
 P - a potion of resistance
Miscellaneous
 R - a lightning rod (4/4)


   Skills:
 - Level 11.0 Fighting
 - Level 12.7(13.9) Axes
 * Level 9.3(12.2) Maces & Flails
 - Level 7.0 Armour
 * Level 4.5 Dodging
 - Level 5.0 Shields
 - Level 2.0 Spellcasting
 - Level 9.0 Invocations
 * Level 5.7 Evocations


You had 15 spell levels left.
You didn't know any spells.
Your spell library contained the following spells:

 Spells                   Type           Power      Damage    Failure   Level
 Foxfire                  Conj/Fire      0%         2x1d4     99%         1
 Slow                     Hex            0%         N/A       99%         1
 Summon Small Mammal      Summ           0%         N/A       99%         1
 Blink                    Tloc           0%         N/A       100%        2
 Cigotuvi's Dreadful Rot  Necr/Pois/Air  0%         N/A       100%        2
 Poisonous Vapours        Pois/Air       0%         N/A       100%        2
 Call Canine Familiar     Summ           0%         N/A       100%        3
 Confusing Touch          Hex            0%         N/A       100%        3
 Ignite Poison            Fire/Tmut/Pois 0%         N/A       100%        3
 Mephitic Cloud           Conj/Pois/Air  0%         N/A       100%        3
 Summon Guardian Golem    Hex/Summ       0%         N/A       100%        3
 Vampiric Draining        Necr           0%         2d6       100%        3
 Leda's Liquefaction      Hex/Erth       0%         N/A       100%        4
 Manifold Assault         Tloc           0%         N/A       100%        4
 Sticky Flame             Conj/Fire      0%         2d3       100%        4
 Fireball                 Conj/Fire      0%         3d3       100%        5
 Lee's Rapid Deconstruct  Erth           0%         3d4*      100%        5
 Starburst                Conj/Fire      0%         6d3       100%        6
 Statue Form              Tmut/Erth      0%         N/A       100%        6
 Orb of Destruction       Conj           0%         9d5       100%        7
 Spellforged Servitor     Conj/Summ      0%         N/A       100%        7
 Storm Form               Tmut/Air       0%         N/A       100%        7
 Ignition                 Fire           0%         3d3       100%        8


Dungeon Overview and Level Annotations

Branches:
Dungeon (12/15)            Temple (1/1) D:6            Lair (1/5) D:9
    Orc (0/2) D:9           Sewer (visited)

Altars:
Ashenzari
Cheibriados
Dithmenos
Elyvilon
Fedhas
Gozag
Hepliaklqana
Kikubaaqudgha
Makhleb
Nemelex Xobeh
Okawaru
Qazlal
Ru
Sif Muna
Trog
Uskayaw
Vehumet
Wu Jian
Xom
Yredelemnul
Zin
The Shining One

Shops:
D:5 [   D:7 :

Portals:
Gauntlet: Lair:1

Annotations:
D:8 2 runed translucent doors


Innate Abilities, Weirdness & Mutations

You have a pair of horns on your head.
You reflexively headbutt those who attack you in melee.
You are agile. (Dex +4, Str/Int -1)
You possess an exceptional clarity of mind.
You are somewhat resistant to further mutation.
You are robust. (+10% HP)


Message History

You whack the yak!
The yak looks as sick as possible!
The yak is almost dead.
The yak is no longer paralysed. x2
You kill the yak!
The cane toad is no longer paralysed.
You closely miss the yak.
The yak is almost dead.
The cane toad misses you. You furiously retaliate!
You headbutt the cane toad, but do no damage.
The yak gores you!
* * * LOW HITPOINT WARNING * * *
The yak closely misses you. You furiously retaliate!
You headbutt the yak, but do no damage. You hit the yak.
You kill the yak!
You hit the cane toad but do no damage.
The cane toad is poisoned.
Your headbutt misses the cane toad. The cane toad barely misses you.
The yak gores you but does no damage. The yak barely misses you.
You barely miss the cane toad. Your headbutt misses the cane toad.
The cane toad is lightly wounded.
The cane toad barely misses you. You furiously retaliate!
You headbutt the cane toad. You barely miss the cane toad.
The cane toad is lightly wounded.
The yak barely misses you. You furiously retaliate!
You headbutt the yak. You block the yak's attack.
You whack the cane toad!
The cane toad looks as sick as possible!
You headbutt the cane toad.
The cane toad is heavily wounded.
The cane toad stings you!
* * * LOW HITPOINT WARNING * * *
You hit the cane toad but do no damage. Your headbutt misses the cane toad.
The cane toad is heavily wounded.
The yak gores you.
* * * LOW HITPOINT WARNING * * *
The yak gores you.
* * * LOW HITPOINT WARNING * * *
The cane toad stings you!
You die...

# .... ....##......# #.
. ... #....>....#..
.....#.. #..P......P..
........ #....#.......
........##............
......##............. .
.................# ..#
......##<.#..)...#.....
........##..#..@F......
...∩.... #..#.YY......#
.#........#.##........#
............##.........
#................#.....
......................
.#..... .....$....#
............


You could see 2 yaks and a cane toad (extremely poisoned).

Vanquished Creatures
  Gastronok (D:11)
  2 hydras
  Erica (D:8)
  Amaemon (D:10)
  The ghost of ragingrage the Grappler, a novice TrFi of Ru (D:6)
  Pikel (D:7)
  An ugly thing (D:8)
  A deep elf pyromancer (D:10)
  A cyclops (D:8)
  An oklob plant (Lair:1)
  Maurice (D:10)
  An orange demon (D:10)
  Maggie (D:10)
  A komodo dragon (D:11)
  2 hornets
  4 trolls
  A slime creature (D:8)
  2 dream sheep (D:11)
  A shadow (D:11)
  A wraith (D:11)
  2 wyverns (D:9)
  17 yaks
  2 basilisks (D:9)
  A vampire mosquito (D:8)
  3 steam dragons
  Menkaure (D:4)
  3 water moccasins
  2 acid dragons
  Duvessa (D:5)
  5 orc warriors
  4 ice beasts
  Pargi (Sewer)
  2 centaurs
  A lemure (D:7)
  6 kobold brigands
  7 bullfrogs
  A scorpion (D:6)
  11 wights
  Dowan (D:5)
  15 killer bees
  10 howler monkeys
  5 hounds
  8 orc priests
  A gnoll bouda (D:4)
  2 iguanas
  Natasha (D:2)
  13 orc wizards
  4 gnolls (D:4)
  13 adders
  A shadow imp (D:8)
  2 white imps
  A worm (D:3)
  4 dart slugs
  53 orcs
  5 ball pythons
  4 endoplasms
  6 giant cockroaches
  6 goblins
  6 hobgoblins
  6 jackals
  A quokka (D:1)
  6 bats
  12 frilled lizards
  14 kobolds
  5 rats
  A spectral kobold (D:7)
302 creatures vanquished.

Vanquished Creatures (others)
  A swamp drake (D:9)
  A plant (D:11)
2 creatures vanquished.

Grand Total: 304 creatures vanquished

Notes
Turn   | Place    | Note
-------+----------+-------------------------------------------
     0 | D:1      | NinjaNoafa the Minotaur Fighter began the quest for the
                  | Orb.
     0 | D:1      | Reached XP level 1. HP: 19/19 MP: 0/0
   330 | D:1      | Reached skill level 3 in Axes
   355 | D:1      | Found a faded altar of an unknown god.
   365 | D:1      | Reached XP level 2. HP: 22/26 MP: 1/1
   740 | D:1      | Reached skill level 4 in Axes
  1159 | D:2      | Reached XP level 3. HP: 28/31 MP: 2/2
  1286 | D:2      | Found a radiant altar of Vehumet.
  1313 | D:2      | Identified the +7 mace of Disaster {vorpal, Stlth+}
  1437 | D:2      | Noticed Natasha
  1444 | D:2      | Killed Natasha
  1445 | D:2      | Reached XP level 4. HP: 27/39 MP: 3/3
  2152 | D:3      | Identified the +7 hand axe "Jethui" {vamp, rF+}
  2528 | D:4      | Reached skill level 5 in Axes
  2528 | D:4      | Reached XP level 5. HP: 37/45 MP: 4/4
  2647 | D:4      | Reached skill level 6 in Axes
  2666 | D:4      | Noticed Menkaure
  2673 | D:4      | Killed Menkaure
  2674 | D:4      | Reached skill level 7 in Axes
  2674 | D:4      | Reached XP level 6. HP: 16/51 MP: 5/5
  2873 | D:4      | Found a glowing drain.
  2902 | Sewer    | Entered a sewer
  2940 | Sewer    | Noticed Pargi
  2951 | Sewer    | Killed Pargi
  2952 | Sewer    | Reached skill level 8 in Axes
  3567 | D:4      | Reached XP level 7. HP: 57/57 MP: 6/6
  3783 | D:5      | Entered Level 5 of the Dungeon
  3812 | D:5      | Noticed Duvessa
  3814 | D:5      | Noticed Dowan
  3822 | D:5      | Killed Duvessa
  3823 | D:5      | Reached skill level 1 in Spellcasting
  3828 | D:5      | Killed Dowan
  3867 | D:5      | Found Lowk's Armour Shoppe.
  3878 | D:5      | Reached skill level 5 in Fighting
  3893 | D:5      | Bought a +0 pair of gloves of infusion for 161 gold pieces
  3972 | D:5      | Reached skill level 5 in Armour
  4602 | D:6      | Found a staircase to the Ecumenical Temple.
  4735 | D:6      | Reached XP level 8. HP: 66/68 MP: 10/10
  4810 | Temple   | Entered the Ecumenical Temple
  5139 | Temple   | Became a worshipper of Uskayaw the Reveller
  5237 | D:6      | Reached * piety under Uskayaw
  5239 | D:6      | Reached ** piety under Uskayaw
  5242 | D:6      | Reached skill level 5 in Shields
  5242 | D:6      | Reached *** piety under Uskayaw
  5243 | D:6      | Reached **** piety under Uskayaw
  5681 | D:6      | Reached skill level 9 in Axes
  5834 | D:6      | Found a runed translucent door.
  5838 | D:6      | Noticed ragingrage's ghost (novice TrFi)
  5856 | D:6      | Reached skill level 10 in Axes
  5860 | D:6      | Reached ***** piety under Uskayaw
  5865 | D:6      | Killed ragingrage's ghost
  5866 | D:6      | Reached skill level 11 in Axes
  5866 | D:6      | Reached XP level 9. HP: 27/79 MP: 5/11
  6068 | D:6      | Upgraded the game from 0.30-a0-297-g0ec75d9ef4 to
                  | 0.30-a0-304-gdc4b735fe1
  6245 | D:7      | Found a hazy altar of Hepliaklqana.
  6363 | D:7      | Reached skill level 12 in Axes
  6366 | D:7      | Noticed Pikel
  6379 | D:7      | Killed Pikel
  6620 | D:7      | Reached skill level 1 in Invocations
  7428 | D:7      | Found Xoighiem's Tremendous Tomes.
  7661 | D:8      | Found a large runed translucent door.
  7661 | D:8      | Found a large runed translucent door.
  7694 | D:8      | Found a large runed translucent door.
  7698 | D:8      | Found a large runed translucent door.
  7705 | D:8      | Noticed a white ugly thing
  8223 | D:8      | Reached XP level 10. HP: 91/91 MP: 12/12
  8703 | D:8      | Noticed Erica
  8714 | D:8      | Killed Erica
  8715 | D:8      | Reached skill level 5 in Invocations
  8956 | D:8      | Noticed a cyclops
  8956 | D:8      | Noticed a five-headed hydra
  8961 | D:8      | Killed a cyclops
  8965 | D:8      | Killed an eight-headed hydra
  9283 | D:8      | Killed a white ugly thing
  9441 | D:9      | Found a staircase to the Orcish Mines.
  9813 | D:9      | Reached XP level 11. HP: 97/97 MP: 16/16
 10306 | D:9      | Found a staircase to the Lair.
 10425 | D:10     | Entered Level 10 of the Dungeon
 10425 | D:10     | Noticed Maurice
 10425 | D:10     | Noticed Amaemon
 10432 | D:10     | Reached skill level 10 in Fighting
 10433 | D:10     | Killed Maurice
 10438 | D:10     | Reached skill level 1 in Evocations
 10439 | D:10     | Killed Amaemon
 10524 | D:10     | Noticed Maggie
 10532 | D:10     | Killed Maggie
 10835 | D:10     | Reached skill level 5 in Maces & Flails
 10857 | D:10     | Noticed a deep elf pyromancer
 10861 | D:10     | Killed a deep elf pyromancer
 10865 | D:10     | Gained mutation: You possess an exceptional clarity of
                  | mind. [potion of mutation]
 10865 | D:10     | Gained mutation: You occasionally lose the ability to read
                  | scrolls when taking damage. [potion of mutation]
 10865 | D:10     | Gained mutation: You are vulnerable to cold. (rC-) [potion
                  | of mutation]
 10865 | D:10     | Gained mutation: Your mind is acute. (Int +4, Str/Dex -1)
                  | [potion of mutation]
 10866 | D:10     | Lost mutation: You are vulnerable to cold. (rC-) [potion of
                  | mutation]
 10866 | D:10     | Lost mutation: Your mind is acute. (Int +4, Str/Dex -1)
                  | [potion of mutation]
 10866 | D:10     | Lost mutation: You occasionally lose the ability to read
                  | scrolls when taking damage. [potion of mutation]
 10866 | D:10     | Gained mutation: You are agile. (Dex +4, Str/Int -1)
                  | [potion of mutation]
 10866 | D:10     | Gained mutation: You are somewhat resistant to further
                  | mutation. [potion of mutation]
 10866 | D:10     | Gained mutation: You are robust. (+10% HP) [potion of
                  | mutation]
 11033 | D:10     | Found an opulent altar of Gozag.
 11642 | D:11     | Noticed Gastronok
 11663 | D:11     | Killed Gastronok
 11832 | D:11     | Reached XP level 12. HP: 117/121 MP: 17/17
 11935 | D:11     | Reached skill level 1 in Dodging
 11935 | D:11     | Reached skill level 5 in Evocations
 11967 | D:11     | Noticed a three-headed hydra
 11970 | D:11     | Killed a three-headed hydra
 12584 | Lair:1   | Entered Level 1 of the Lair of Beasts
 12584 | Lair:1   | Found a gate leading to a gauntlet.
 12623 | Lair:1   | Reached ****** piety under Uskayaw
 12630 | Lair:1   | Slain by a cane toad

Illustrated notes

Levels and vault maps discovered:
D:1:      dpeg_arrival_three_same_balls, layout_basic,
          shapermc_ecumenical_altar_mp_urbaneastern, roderic_lattice_a,
          minmay_misc_feat_ornament
D:2:      layout_loops_ring, basic_altar, nrook_loot_triangle,
          chequers_serial_rivers_micro_d, minmay_circle_x, uniq_natasha
D:3:      layout_basic, hangedman_abyss_or_decor_stabs, nicolae_titane
D:4:      layout_gridville, gup_sewer_entry_glass, wad_orctagon, uniq_menkaure
D:5:      layout_loops_ring, serial_shops, kennysheep_little_box, uniq_duvessa
D:6:      layout_basic, temple_pool_b, ebering_ghost_sewer_d
D:7:      layout_basic, nicolae_hepliaklqana_monster_ancestors,
          nicolae_shop_i_like_big_books, minmay_misc_feat_square,
          minmay_increasing_density, uniq_pikel
D:8:      layout_layer_cave, enter_ossuary_1, minmay_hollow_rounded_squares,
          uniq_erica
D:9:      layout_roguey, erik_lair_dragon, david_orc_2
D:10:     minmay_distorted_concentric_squares, layout_long_grid,
          grunt_gozag_breadcrumbs, grunt_ministairs_13, uniq_maurice,
          uniq_maggie, uniq_amaemon
D:11:     layout_stronghold, hangedman_ranch, uniq_gastronok
D:12:     layout_rooms, kennysheep_pointless_box, uniq_psyche
Temple:   mainiacjoe_temple_cubbyholes
Lair:1:   layout_cave_shapes, gauntlet_entry_generic, minivault_25,
          nicolae_lair_lil_pond, grunt_forest_stairs_basic,
          dpeg_stationary_puzzle

Skill      XL: |  1  2  3  4  5  6  7  8  9 10 11 12 |
---------------+-------------------------------------+-----
Axes           | 3 4 5 7 8 11 12 | 12.7
Maces & Flails | 2 3 8 9 |  9.3
Spellcasting   | 2 |  2.0
Fighting       | 5 7 9 11 | 11.0
Armour         | 5 6 7 |  7.0
Shields        | 5 |  5.0
Invocations    | 3 9 |  9.0
Evocations     | 4 5 |  5.7
Dodging        | 4 |  4.5

Action                   |  1- 3 |  4- 6 |  7- 9 | 10-12 || total
-------------------------+-------+-------+-------+-------++-------
Melee: War axe           |    53 |       |       |       ||    53
       Headbutt          |     4 |    12 |    27 |    57 ||   100
       Mace              |     4 |    35 |       |       ||    39
       Hand axe          |       |    83 |   177 |   119 ||   379
       Demon whip        |       |       |       |   182 ||   182
Throw: Dart              |       |     7 |       |       ||     7
       Boomerang         |       |       |       |     6 ||     6
Evoke: Wand              |       |       |       |     3 ||     3
       Lightning rod     |       |       |       |     1 ||     1
  Use: Scroll            |       |       |       |    11 ||    11
       Potion            |       |       |       |    10 ||    10
 Stab: Paralysed         |       |       |     9 |    46 ||    55
       Confused          |       |       |       |     1 ||     1
Armor: Scale mail        |    39 |    53 |       |       ||    92
       Chain mail        |       |     1 |    60 |    30 ||    91
       Leather armour    |       |     1 |       |       ||     1
       Ring mail         |       |       |       |    11 ||    11
       Plate armour      |       |       |       |    57 ||    57
Dodge: Dodged            |    41 |    52 |    44 |    85 ||   222
Block: Buckler           |    15 |    33 |    27 |    54 ||   129

Table legend: (Time is in decaauts)
 A = Elapsed time spent in this place.
 B = Non-inter-level travel time spent in this place.
 C = Inter-level travel time spent in this place.
 D = Time resting spent in this place.
 E = Time spent auto-exploring this place.
 F = Levels seen in this place.
 G = Mean time per level.
                   A        B        C        D        E       F      G
               +--------+--------+--------+--------+--------+-----+--------+
         Total |  12568 |  11821 |    747 |      0 |  10067 |  15 |  837.9 |
       Dungeon |  11979 |  11325 |    654 |      0 |   9653 |  12 |  998.2 |
        Temple |    384 |    291 |     93 |      0 |    288 |   1 |  384.0 |
          Lair |     29 |     29 |      0 |      0 |      0 |   1 |   29.0 |
         Sewer |    174 |    174 |      0 |      0 |    125 |   1 |  174.0 |
               +--------+--------+--------+--------+--------+-----+--------+

Top non-repeatable levels by time:
     D:8: 1817 daAuts
     D:7: 1434 daAuts
     D:1: 1165 daAuts
     D:4: 1134 daAuts
     D:6: 1127 daAuts
    D:11: 1127 daAuts
     D:9: 1122 daAuts
    D:10: 868 daAuts
     D:5: 776 daAuts
     D:2: 772 daAuts
     D:3: 596 daAuts
  Temple: 384 daAuts
   Sewer: 174 daAuts
    D:12: 36 daAuts
  Lair:1: 29 daAuts
